 Dungeon Crawl Stone Soup version 0.20.0-15-g7f486f2 (webtiles) character file.

25 tevo3000 the Skirmisher (level 2, -1/24 HPs)
             Began as a Demonspawn Fighter on July 3, 2017.
             Slain by an adder (4 damage)
             ... on level 2 of the Dungeon.
             The game lasted 00:06:09 (726 turns).

tevo3000 the Skirmisher (Demonspawn Fighter)         Turns: 726, Time: 00:06:10

Health: -1/24      AC:  6    Str: 15 (16) XL:     2   Next: 82%
Magic:  2/2        EV:  6    Int:  9 (11) God:
Gold:   31         SH:  8    Dex: 11 (12) Spells: 1/1 levels left

rFire    . . .     SeeInvis .   a - +0 war axe
rCold    . . .     Gourm    .   c - +0 shield
rNeg     . . .     Faith    .   n - +0 scale mail (curse)
rPois    .         Spirit   .   (helmet restricted)
rElec    .         Reflect  .   (no cloak)
rCorr    .         Harm     .   (no gloves)
MR       .....                  (no boots)
Stlth    ..........             (no amulet)
Regen    0.1/turn               (no ring)
MPRegen  0.1/turn               (no ring)

@: lethally poisoned (-1 -> -16), flying
A: antennae 1, blurry vision 1, clever 1, powered by death 1
a: no special abilities


You were on level 2 of the Dungeon.
You were not hungry.

You visited 1 branch of the dungeon, and saw 2 of its levels.

You collected 31 gold pieces.

Inventory:

Hand Weapons
 a - a +0 war axe (weapon)
Armour
 b - a +0 chain mail
 c - a +0 shield (worn)
 n - a cursed +0 scale mail (worn)
Jewellery
 m - a +5 ring of intelligence {unknown}
Scrolls
 g - a scroll of magic mapping {unknown}
 h - a scroll of fear {unknown}
 i - 2 scrolls of identify {unknown}
 p - a scroll of recharging {unknown}
Potions
 d - a potion of might
 e - a potion of flight
 l - a potion of brilliance {unknown}
 o - a potion of degeneration
Comestibles
 f - a bread ration
 j - a meat ration


   Skills:
 + Level 3.2 Fighting
 + Level 2.0 Axes
 + Level 3.1 Armour
 + Level 0.1 Dodging
 + Level 3.0 Shields


You had one spell level left.
You didn't know any spells.

Dungeon Overview and Level Annotations

Branches:
Dungeon (2/15)

Altars:
Qazlal


Innate Abilities, Weirdness & Mutations

You regenerate a little health from kills.
You have a pair of small antennae on your head.
Scrolls take you a little longer to read.
Your mind is acute. (Int +2)


Message History

You feel sick. The adder bites you.
* * * LOW HITPOINT WARNING * * *
You are lethally poisoned!
The adder poisons you!
It was a potion of flight.
You feel very buoyant.
You fly up into the air.
The adder bites you but does no damage.
It was a potion of degeneration.
There was something very wrong with that liquid.
You feel weakened.
You feel dopey.
You feel clumsy.
* * * LOW HITPOINT WARNING * * *
You feel sick. The adder bites you.
* * * LOW HITPOINT WARNING * * *
You are more poisoned.
The adder poisons you!
It was a potion of mutation.
You feel extremely strange.
You feel clever.
Your vision blurs.
A pair of antennae grows on your head!
* * * LOW HITPOINT WARNING * * *
You feel sick. The adder bites you.
You die...

...........##
...<#_#...... .##
#......# ...
#.###..############.#
#.
##)..........#..### #
##.#######.......#
##.##### #..)....#
#......###.......###
#..........@S...?...
#......###?......###
#......# #.......#
#.......# #.......#
#.......# ###.......
#......... #########
...#........
####......###


You could see an adder.

Vanquished Creatures
  A leopard gecko (D:1)
  2 bats (D:1)
  A giant cockroach (D:1)
  A goblin (D:1)
  5 hobgoblins
  4 jackals (D:1)
  2 kobolds (D:1)
  2 frilled lizards (D:1)
  2 rats (D:1)
20 creatures vanquished.

Notes
Turn   | Place    | Note
-------+----------+-------------------------------------------
     0 | D:1      | tevo3000 the Demonspawn Fighter began the quest for the Orb.
     0 | D:1      | Reached XP level 1. HP: 18/18 MP: 1/1
    61 | D:1      | Gained mutation: You regenerate a little health from kills. [demonic ancestry]
    61 | D:1      | Reached XP level 2. HP: 24/24 MP: 2/2
   689 | D:2      | Found a stormy altar of Qazlal.
   726 | D:2      | Gained mutation: Your mind is acute. (Int +2) [potion of mutation]
   726 | D:2      | Gained mutation: Scrolls take you a little longer to read. [potion of mutation]
   726 | D:2      | Gained mutation: You have a pair of small antennae on your head. [potion of mutation]
   726 | D:2      | Slain by an adder

Skill      XL: |  1  2 |
---------------+-------+-----
Armour         | 3 |  3.1
Shields        | 3 |  3.0
Axes           | 2 |  2.0
Fighting       | |  3.2
Dodging        | |  0.1

Action                   || total
-------------------------++-------
Melee: War axe           ||    82
  Use: Potion            ||     3
Armor: Scale mail        ||    51
Dodge: Dodged            ||    34
Block: Shield            ||    37
